 Dungeon Sprint DCSS version 0.29-a0-892-g2c4c91d9db (webtiles) character file.

Game seed: 13649832409006831178

1248 mhtbhm the Basher (level 8, -13/85 HPs)
             Began as a Gargoyle Fighter on July 23, 2022.
             Was an Initiate of Gozag.
             Mangled by a boulder beetle (21 damage)
             ... in the Dungeon (Sprint IX: "|||||||||||||||||||||||||||||").
             The game lasted 00:01:05 (684 turns).

mhtbhm the Basher (Gargoyle Fighter)                 Turns: 684, Time: 00:01:06

Health: -13/85     AC: 22    Str: 22    XL:     8   Next: 50%
Magic:  8/8        EV:  9    Int: 12    God:    Gozag
Gold:   423        SH:  5    Dex:  9    Spells: 7/7 levels left

rFire   . . .      SeeInvis .   a - +0 flail
rCold   . . .      Faith    .   c - +0 buckler
rNeg    + . .      Spirit   .   b - +0 plate armour
rPois   ∞          Reflect  .   o - +0 helmet
rElec   +          Harm     .   (no cloak)
rCorr   .          Rampage  .   (no gloves)
Will    .....      NoTele   +   n - +0 pair of boots
Stlth   ..........              (no amulet)
HPRegen 0.24/turn               p - +2 ring of evasion
MPRegen 0.11/turn               q - +3 ring of intelligence

@: berserking, frozen, gold aura, invisible, very quick
A: sickness immunity, AC +5, negative energy resistance 1, electricity
resistance, torment resistance 1, petrification resistance
a: Renounce Religion, Potion Petition, Call Merchant, Bribe Branch


You were in the Dungeon.
You worshipped Gozag.
Gozag was aware of your devotion.
You visited 1 branch You collected 423 gold pieces.

Inventory:

Hand Weapons
 a - a +0 flail (weapon)
Armour
 b - a +0 plate armour (worn)
 c - a +0 buckler (worn)
 n - a +0 pair of boots (worn)
 o - a +0 helmet (worn)
Jewellery
 p - a +2 ring of evasion (left hand)
 q - a +3 ring of intelligence (right hand)
Wands
 m - a wand of iceblast (10)
Scrolls
 j - 2 scrolls of blinking
 l - 2 scrolls of amnesia
Potions
 d - a potion of might
 e - 5 potions of curing
 g - a potion of haste
 h - 4 potions of magic


   Skills:
 + Level 9.9 Fighting
 + Level 12.0 Maces & Flails
 + Level 9.2 Armour
 + Level 2.7 Dodging
 + Level 2.4 Stealth
 + Level 8.2 Shields


You had 7 spell levels left.
You didn't know any spells.
Your spell library was empty.

Dungeon Overview and Level Annotations

Branches:
Dungeon (1/1)

Altars:
Cheibriados
Dithmenos
Elyvilon
Fedhas
Gozag
Hepliaklqana
Kikubaaqudgha
Makhleb
Nemelex Xobeh
Okawaru
Qazlal
Ru
Sif Muna
Trog
Uskayaw
Vehumet
Wu Jian
Xom
Yredelemnul
Zin
The Shining One
Jiyva
Lugonu


Innate Abilities, Weirdness & Mutations

You are immune to sickness and miasma.
Your stone body is resilient. (AC +5)
You are immune to poison.
You resist negative energy. (rN+)
You are resistant to electric shocks. (rElec)
You are resistant to unholy torment.
You are immune to petrification.


Message History

You are too injured to fight recklessly!
You are too injured to fight recklessly!
You are too injured to fight recklessly!
You are too injured to fight recklessly!
You are too injured to fight recklessly!
You are too injured to fight recklessly!
You are too injured to fight recklessly!
You are too injured to fight recklessly!
You are too injured to fight recklessly!
You are too injured to fight recklessly!
You are too injured to fight recklessly!
You are too injured to fight recklessly!
You are too injured to fight recklessly!
You are too injured to fight recklessly!
You are too injured to fight recklessly!
You are too injured to fight recklessly!
You are too injured to fight recklessly!
You are too injured to fight recklessly!
You are too injured to fight recklessly!
You are too injured to fight recklessly!
You are too injured to fight recklessly!
You are too injured to fight recklessly!
You hit the boulder beetle.
The boulder beetle is no longer distracted by gold.
The boulder beetle is lightly wounded.
The centaur warrior shoots an arrow.
The arrow hits the rime drake!
The boulder beetle bites you!!
* * * LOW HITPOINT WARNING * * *
The rime drake barely misses you.
You sock the boulder beetle!
The boulder beetle is moderately wounded.
The rime drake changes into a tengu!
The centaur warrior shoots an arrow.
The arrow hits the tengu.
Unknown command.
Unknown command.
You hit the boulder beetle.
The boulder beetle is moderately wounded.
The boulder beetle bites you!!
You die...
Your body crumbles into a pile of gold. ▓▓▓▓▓▓▓▓▓▓▓▓▓▓▓▓▓▓▓▓▓▓▓▓ '..)..[...)....B@Q$c.... ▓▓▓▓▓▓▓▓▓▓▓▓▓▓▓▓▓▓▓▓▓▓▓▓ $ $$$$$ $ $ $ $$$$$

You could see a boulder beetle (unable to see you), a centaur warrior (unable to see you) and a tengu shaped shifter (unable to see you).

Vanquished Creatures
  A gargoyle (D)
  A kobold demonologist (D)
  A wyvern (D)
  A wraith (D)
  A centaur (D)
  2 scorpions (D)
  A killer bee (D)
  A howler monkey (D)
  A gnoll bouda (D)
  An ufetubus (D)
  An orc (D)
  A jackal (D)
  A quokka (D)
  2 bats (D)
  A rat (D)
17 creatures vanquished.

Vanquished Creatures (others)
  A wraith (D)
  A vampire mosquito (D)
2 creatures vanquished.

Grand Total: 19 creatures vanquished

Notes
Turn   | Place    | Note
-------+----------+-------------------------------------------
     0 | D        | mhtbhm the Gargoyle Fighter began the quest for the Orb.
     0 | D        | Reached XP level 1. HP: 14/14 MP: 1/1
   104 | D        | Noticed a scorpion
   104 | D        | Noticed a gnoll bouda
   104 | D        | Noticed a scorpion
   108 | D        | Reached XP level 2. HP: 16/20 MP: 2/2
   114 | D        | Killed a scorpion
   115 | D        | Reached skill level 5 in Fighting
   115 | D        | Reached skill level 4 in Maces & Flails
   115 | D        | Reached skill level 5 in Armour
   115 | D        | Reached skill level 5 in Shields
   115 | D        | Reached XP level 3. HP: 19/26 MP: 3/3
   115 | D        | Reached XP level 4. HP: 23/31 MP: 4/4
   126 | D        | Killed a scorpion
   127 | D        | Reached skill level 6 in Maces & Flails
   127 | D        | Reached XP level 5. HP: 18/37 MP: 5/5
   135 | D        | Found a snail-covered altar of Cheibriados.
   135 | D        | Found a shadowy altar of Dithmenos.
   135 | D        | Found a white marble altar of Elyvilon.
   135 | D        | Found a blossoming altar of Fedhas.
   135 | D        | Found an opulent altar of Gozag.
   136 | D        | Found a hazy altar of Hepliaklqana.
   137 | D        | Found a viscous altar of Jiyva.
   138 | D        | Found an ancient bone altar of Kikubaaqudgha.
   139 | D        | Found a corrupted altar of Lugonu.
   140 | D        | Found a burning altar of Makhleb.
   141 | D        | Found a sparkling altar of Nemelex Xobeh.
   142 | D        | Found an iron altar of Okawaru.
   143 | D        | Found a stormy altar of Qazlal.
   144 | D        | Found a sacrificial altar of Ru.
   153 | D        | Became a worshipper of Gozag Ym Sagoz the Greedy
   156 | D        | Found a shimmering blue altar of Sif Muna.
   157 | D        | Found a bloodstained altar of Trog.
   158 | D        | Found a hide-covered altar of Uskayaw.
   159 | D        | Found a radiant altar of Vehumet.
   160 | D        | Found an ornate altar of the Wu Jian Council.
   161 | D        | Found a shimmering altar of Xom.
   162 | D        | Found a basalt altar of Yredelemnul.
   163 | D        | Found a glowing silver altar of Zin.
   164 | D        | Found a glowing golden altar of the Shining One.
   320 | D        | Noticed a wraith
   320 | D        | Noticed a centaur
   320 | D        | Noticed a kobold demonologist
   320 | D        | Noticed a wyvern
   323 | D        | Noticed a soul eater
   330 | D        | Noticed a hellwing
   334 | D        | Killed a wraith
   335 | D        | Reached skill level 8 in Maces & Flails
   335 | D        | Reached XP level 6. HP: 28/44 MP: 6/6
   348 | D        | Noticed a sun demon
   368 | D        | Reached skill level 9 in Maces & Flails
   368 | D        | Reached skill level 1 in Dodging
   368 | D        | Reached XP level 7. HP: 26/50 MP: 7/7
   375 | D        | Noticed a chaos spawn
   392 | D        | Killed a kobold demonologist
   393 | D        | Reached skill level 10 in Maces & Flails
   393 | D        | Reached skill level 1 in Stealth
   399 | D        | Killed a wyvern
   400 | D        | Reached skill level 11 in Maces & Flails
   400 | D        | Reached XP level 8. HP: 12/56 MP: 8/8
   651 | D        | Noticed a gargoyle
   651 | D        | Noticed a wraith
   651 | D        | Noticed a culicivora
   651 | D        | Noticed a boulder beetle
   651 | D        | Noticed a centaur warrior
   658 | D        | Killed a gargoyle
   663 | D        | Noticed a raiju
   663 | D        | a culicivora changed into a raiju
   669 | D        | Noticed a rime drake
   669 | D        | a raiju changed into a rime drake
   674 | D        | Killed a wraith
   675 | D        | Reached skill level 12 in Maces & Flails
   683 | D        | a rime drake changed into a tengu
   684 | D        | Mangled by a boulder beetle

Illustrated notes

Levels and vault maps discovered:
D:        linesprint [early_d, line_temple, items_1, d_10, items_2, lair_1,
          lair_end, items_3, orc_1, orc_end, items_4, d_15, swamp_1, shoals_1,
          snake_1, spider_1, d_20, vaults_1, items_5, swamp_end, shoals_end,
          snake_end, spider_end, vaults_end, d_27, items_6, zot_1, zot_end,
          crypt_end, forest_end, elf_end, slime_end, tomb_end, abyss_end,
          pan_hell_end]

Skill      XL: |  1  2  3  4  5  6  7  8 |
---------------+-------------------------+-----
Fighting       | 4 5 6 8 9 |  9.9
Armour         | 4 5 6 7 8 9 |  9.2
Shields        | 4 5 6 7 8 |  8.2
Maces & Flails | 4 6 8 9 11 12 | 12.0
Dodging        | 1 2 |  2.7
Stealth        | 1 2 |  2.4

Action                   |  1- 3 |  4- 6 |  7- 9 || total
-------------------------+-------+-------+-------++-------
Melee: Flail             |    22 |    60 |    61 ||   143
  Use: Potion            |       |     1 |     4 ||     5
 Stab: Distracted        |       |       |     1 ||     1
Armor: Scale mail        |    14 |     7 |       ||    21
       Plate armour      |       |    37 |    24 ||    61
Dodge: Dodged            |    14 |    26 |    17 ||    57
Block: Buckler           |     5 |    14 |    13 ||    32

Table legend: (Time is in decaauts)
 A = Elapsed time spent in this place.
 B = Non-inter-level travel time spent in this place.
 C = Inter-level travel time spent in this place.
 D = Time resting spent in this place.
 E = Time spent auto-exploring this place.
 F = Levels seen in this place.
 G = Mean time per level.
                   A        B        C        D        E       F      G
               +--------+--------+--------+--------+--------+-----+--------+
         Total |    697 |    697 |      0 |    428 |      3 |   1 |  697.0 |
       Dungeon |    697 |    697 |      0 |    428 |      3 |   1 |  697.0 |
               +--------+--------+--------+--------+--------+-----+--------+

Top non-repeatable levels by time:
       D: 697 daAuts
